 Dungeon Crawl Stone Soup version 0.18.1-50-g88ac8fd (webtiles) character file.

231 Kirk the Firebug (level 6, -4/36 HPs)
             Began as an Octopode Fire Elementalist on Oct 3, 2016.
             Slain by Natasha (9 damage)
             ... on level 3 of the Dungeon.
             The game lasted 00:09:19 (2923 turns).

Kirk the Firebug (Octopode Fire Elementalist)       Turns: 2923, Time: 00:09:20

Health: -4/36      AC:  1    Str:  8    XL:     6   Next: 3%
Magic:  2/11       EV: 12    Int: 19    God:
Gold:   140        SH:  4    Dex: 12    Spells: 1 memorised, 11 levels left

rFire  . . .     SeeInvis .     d - +1 dagger
rCold  . . .     Gourm    .     e - +0 buckler
rNeg   . . .     Faith    .     (helmet restricted)
rPois  .         Spirit   .     (no amulet)
rElec  .         Dismiss  .     (no ring)
rCorr  .         Reflect  .     (no ring)
SustAt .         Harm     .     (no ring)
MR     .....                    (no ring)
Stlth  +++.......               (no ring)
                                (no ring)
                                (no ring)
                                (no ring)

@: very slightly contaminated, hasted and slowed, not resistant to hostile
enchantments, fairly stealthy
A: almost no armour, amphibious, 8 rings, constrict 8, camouflage 1, gelatinous
body 1
a: no special abilities


You were on level 3 of the Dungeon.
You were not hungry.

You visited 1 branch of the dungeon, and saw 3 of its levels.
You also visited: Sewer.

You collected 140 gold pieces.

Inventory:

Hand Weapons
 d - a +1 dagger (weapon)
Missiles
 n - 18 poisoned needles
Armour
 e - a +0 buckler (worn)
Scrolls
 j - a scroll of enchant weapon
 r - 2 scrolls of teleportation
Potions
 f - a potion of might {unknown}
 i - a potion of magic {unknown}
 k - 3 potions of mutation
 l - a potion of brilliance {unknown}
 m - a potion of agility {unknown}
 s - 2 potions of flight {unknown}
Books
 a - a book of Flames

   Spells                             Type                      Level
   a - Flame Tongue                   Conjuration/Fire             1
   b - Throw Flame                    Conjuration/Fire             2
   c - Conjure Flame                  Conjuration/Fire             3
   d - Inner Flame                    Hexes/Fire                   3
   e - Sticky Flame                   Conjuration/Fire             4
   f - Fireball                       Conjuration/Fire             5
Comestibles
 b - 3 bread rations
 c - a beef jerky
 g - a meat ration
 h - 2 chunks of flesh


   Skills:
 - Level 1.0 Short Blades
 - Level 2.0 Dodging
 - Level 2.6 Stealth
 * Level 1.8 Shields
 + Level 3.5 Spellcasting
 + Level 2.1 Conjurations
 + Level 4.5 Fire Magic


You had 11 spell levels left.
You knew the following spells:

 Your Spells              Type           Power        Failure   Level  Hunger
a - Flame Tongue          Conj/Fire      ###..        6%          1    None


Dungeon Overview and Level Annotations

Branches:
Dungeon (3/15)

Altars:
Elyvilon
Pakellas

Annotations:
D:2 1 exclusion, Crazy Yiuf
D:3 Natasha


Innate Abilities, Weirdness & Mutations

You cannot wear most types of armour.
You are amphibious.
You can wear up to eight rings at the same time.
You can use your tentacles to constrict eight enemies at once.
Your skin changes colour to match your surroundings (Stealth).
Your rubbery body absorbs attacks (AC +1).


Message History

Aiming: Flame Tongue
Press: ? - help, Shift-Dir - straight line, f/p - Natasha
Aim: Natasha (heavily wounded)
The flame tongue misses Natasha.
The white imp gestures at you. You block the puff of frost.
Natasha closely misses you. The white imp hits you.
* * * LOW HITPOINT WARNING * * *
The white imp freezes you.
* * * LOW HITPOINT WARNING * * *
Drink which item? (? for menu, Esc to quit)
You feel better. You block Natasha's attack. You block the white imp's attack.
Natasha closely misses you.
Drink which item? (? for menu, Esc to quit)
You feel yourself speed up. The white imp gestures at you.
The puff of frost hits you!
* * * LOW HITPOINT WARNING * * *
Natasha claws you!
You die...

#.. #.# #†# #.# ####
#.#
...#####.######## ..
................. ..
.†.#####.###########
..$. #÷##
#...###..5@h.# ....
#.#
#....##.####......
.... #.#
#....##.#######...
.... #.#
####.##......# #
.... #.###
#.#######.# ...
#.#.# #.# #.# .
#.#.######.# #.#
#.#.##.....# #.#
#.#.##.##### #.#


You could see Natasha and a white imp.

Vanquished Creatures
  Natasha (twice) (D:3)
  9 adders
  A dart slug (D:2)
  3 giant geckos
  An orc (D:3)
  5 ball pythons
  10 bats
  3 giant cockroaches
  6 goblins
  6 hobgoblins
  17 jackals
  A quokka (D:3)
  6 giant newts
  15 kobolds
  9 rats
  A plant (Sewer)
95 creatures vanquished.

Vanquished Creatures (others)
  A worm (D:3)
1 creature vanquished.

Grand Total: 96 creatures vanquished

Notes
Turn   | Place    | Note
--------------------------------------------------------------
     0 | D:1      | Kirk the Octopode Fire Elementalist began the quest for the Orb.
     0 | D:1      | Reached XP level 1. HP: 11/11 MP: 3/3
    24 | D:1      | Reached XP level 2. HP: 13/17 MP: 1/5
   381 | D:1      | Reached XP level 3. HP: 18/21 MP: 0/6
   880 | D:2      | Reached skill level 4 in Fire Magic
  1224 | D:2      | Reached XP level 4. HP: 27/27 MP: 4/7
  1388 | D:2      | Found an oddly glowing altar of Pakellas.
  1564 | D:2      | Noticed Crazy Yiuf
  1794 | D:3      | Reached skill level 1 in Shields
  1883 | D:3      | Reached skill level 1 in Short Blades
  1958 | D:3      | Found a glowing drain.
  1962 | Sewer    | Entered a sewer
  1975 | Sewer    | Reached XP level 5. HP: 31/31 MP: 6/9
  2594 | D:3      | Noticed Natasha
  2602 | D:3      | Killed Natasha
  2783 | D:3      | Found a white marble altar of Elyvilon.
  2873 | D:3      | Noticed Natasha
  2874 | D:3      | Killed Natasha
  2874 | D:3      | Reached XP level 6. HP: 31/36 MP: 7/11
  2910 | D:3      | Noticed Natasha
  2923 | D:3      | Slain by Natasha

Skill      XL: |  1  2  3  4  5 |
---------------+----------------+-----
Fire Magic     | 4 |  4.5
Shields        | 1 |  1.8
Short Blades   | 1 |  1.0
Spellcasting   | 3 |  3.5
Conjurations   | 2 |  2.1
Dodging        | |  2.0
Stealth        | |  2.6

Action                   |  1- 3 |  4- 6 || total
-------------------------+-------+-------++-------
Melee: Unarmed           |    14 |       ||    14
       Tentacles         |     7 |     8 ||    15
       Constrict         |    11 |     6 ||    17
       Dagger            |    70 |    39 ||   109
 Cast: Flame Tongue      |    47 |    87 ||   134
  Use: Potion            |     3 |     3 ||     6
       Scroll            |       |     8 ||     8
 Stab: Sleeping          |     3 |     1 ||     4
  Eat: Chunk             |     1 |     6 ||     7
Armor: Skin              |    61 |     5 ||    66
Dodge: Dodged            |    46 |    31 ||    77
Block: Buckler           |       |    11 ||    11
